 Dungeon Crawl Stone Soup version 0.29-a0-664-gff9cad4a3d (webtiles) character file.

Game seed: 539871321120670256

23 HoaS the Ruffian (level 3, -1/23 HPs)
             Began as a Tengu Berserker on June 22, 2022.
             Was a Follower of Trog.
             Slain by a hobgoblin (5 damage)
             ... on level 2 of the Dungeon.
             The game lasted 00:00:58 (683 turns).

HoaS the Ruffian (Tengu Berserker)                   Turns: 683, Time: 00:00:59

Health: -1/23      AC:  2    Str: 19    XL:     3   Next: 0%
Magic:  4/4        EV: 12    Int:  7    God:    Trog [*.....]
Gold:   0          SH:  0    Dex: 13    Spells: 2/2 levels left

rFire   . . .      SeeInvis .     - Unarmed
rCold   . . .      Faith    .   (no shield)
rNeg    . . .      Spirit   .   a - +0 animal skin
rPois   .          Reflect  .   (helmet restricted)
rElec   .          Harm     .   (no cloak)
rCorr   .          Rampage  .   (no gloves)
Will    .....                   (boots unavailable)
Stlth   +.........              (no amulet)
HPRegen 0.07/turn               (no ring)
MPRegen 0.09/turn               (no ring)

@: no status effects
A: beak, talons 3
a: Renounce Religion, Berserk


You were on level 2 of the Dungeon.
You worshipped Trog.
Trog was aware of your devotion.
You visited 1 branch of the dungeon, and saw 2 of its levels.

Inventory:

Armour
 a - a +0 animal skin (worn)
Scrolls
 d - a scroll of poison {unknown}
 e - a scroll of fear {unknown}
 f - a scroll of fog {unknown}
Potions
 b - a potion of might {unknown}
 c - a potion of flight {unknown}
 g - a potion of haste {unknown}


   Skills:
 - Level 3.0 Fighting
 - Level 2.1 Armour
 - Level 2.1 Dodging
 + Level 4.5 Unarmed Combat


You had 2 spell levels left.
You didn't know any spells.
Your spell library was empty.

Dungeon Overview and Level Annotations

Branches:
Dungeon (2/15)

Altars:


Innate Abilities, Weirdness & Mutations

You have a beak for a mouth.
You have claws for feet.


Message History

Your peck misses the frilled lizard.
You feel sick. The frilled lizard barely misses you.
You are too injured to fight recklessly!
You are too injured to fight recklessly!
You are too injured to fight recklessly!
You are too injured to fight recklessly!
You are too injured to fight recklessly!
You are too injured to fight recklessly!
You are too injured to fight recklessly!
You barely miss the frilled lizard.
You feel sick. The frilled lizard closely misses you.
You hit the frilled lizard.
You kill the frilled lizard!
Trog accepts your kill.
You feel sick.
You feel sick.
You are no longer poisoned.
The rat bites you but does no damage.
Items here: ( ) ††.
You closely miss the rat. The rat completely misses you.
You barely miss the rat. You peck the rat.
You kill the rat!
Trog accepts your kill.
A kobold comes into view. It is wielding a +0 dagger.
You have reached level 3!
Your experience leads to an increase in your attributes!
Increase (S)trength, (I)ntelligence, or (D)exterity?
You feel stronger. x2
The kobold shouts!
You hit the hobgoblin.
The hobgoblin is severely wounded.
The hobgoblin hits you.
* * * LOW HITPOINT WARNING * * *
You hit the hobgoblin but do no damage.
The hobgoblin is severely wounded.
The hobgoblin barely misses you.
You barely miss the hobgoblin.
The hobgoblin is severely wounded.
The hobgoblin hits you.
You die...

.. ### .. #!. .#
#[.. .. .K# .##
###
####g##..##...
....#@#...#.#
#...##.##...#
#.#...#.#$..#
.......##.# #
.........#$# #.#
......#..###.#.##
..>...+..........
......##..##.#.#
.....> ##....#


You could see a hobgoblin and a kobold.

Vanquished Creatures
  An adder (D:2)
  A goblin (D:1)
  2 hobgoblins (D:1)
  2 quokkas (D:1)
  A ball python (D:2)
  A bat (D:1)
  2 frilled lizards
  3 kobolds
  2 rats
15 creatures vanquished.

Notes
Turn   | Place    | Note
-------+----------+-------------------------------------------
     0 | D:1      | HoaS the Tengu Berserker began the quest for the Orb.
     0 | D:1      | Reached XP level 1. HP: 14/14 MP: 2/2
   274 | D:1      | Reached XP level 2. HP: 19/19 MP: 3/3
   428 | D:1      | Reached skill level 4 in Unarmed Combat
   681 | D:2      | Reached XP level 3. HP: 8/23 MP: 4/4
   683 | D:2      | Slain by a hobgoblin

Illustrated notes

Levels and vault maps discovered:
D:1:      lightli_molten_gateway, layout_loops_cross
D:2:      layout_basic, hellmonk_ecumenical_altar_inner_sanctum, minmay_vboxes

Skill      XL: |  1  2 |
---------------+-------+-----
Unarmed Combat | 4 |  4.5
Fighting       | |  3.0
Armour         | |  2.1
Dodging        | |  2.1

Action                   || total
-------------------------++-------
Melee: Unarmed           ||    36
       Kick              ||     5
       Peck              ||     3
 Stab: Sleeping          ||     1
Armor: Animal skin       ||     3
Dodge: Dodged            ||    19

Table legend: (Time is in decaauts)
 A = Elapsed time spent in this place.
 B = Non-inter-level travel time spent in this place.
 C = Inter-level travel time spent in this place.
 D = Time resting spent in this place.
 E = Time spent auto-exploring this place.
 F = Levels seen in this place.
 G = Mean time per level.
                   A        B        C        D        E       F      G
               +--------+--------+--------+--------+--------+-----+--------+
         Total |    680 |    643 |     37 |     59 |    500 |   2 |  340.0 |
       Dungeon |    680 |    643 |     37 |     59 |    500 |   2 |  340.0 |
               +--------+--------+--------+--------+--------+-----+--------+

Top non-repeatable levels by time:
     D:1: 556 daAuts
     D:2: 123 daAuts
